 Dungeon Crawl Stone Soup version 0.26-a0-264-g3a471323bd (webtiles) character file.

Game seed: 14774325163992448151

429 BritishOli the Skirmisher (level 6, -3/49 HPs)
             Began as a Demonspawn Fighter on July 11, 2020.
             Killed by nerve-wracking pain
             ... invoked by Menkaure
              (11 damage)
             ... on level 4 of the Dungeon.
             The game lasted 00:02:21 (3037 turns).

BritishOli the Skirmisher (Demonspawn Fighter)      Turns: 3037, Time: 00:02:22

Health: -3/49      AC:  7    Str: 19    XL:     6   Next: 66%
Magic:  6/6        EV:  9    Int:  9    God:
Gold:   167        SH:  9    Dex: 12    Spells: 5/5 levels left

rFire    . . .     SeeInvis .   a - +0 long sword
rCold    . . .     Faith    .   c - +0 kite shield
rNeg     . . .     Spirit   .   b - +0 scale mail
rPois    .         Reflect  .   (no helmet)
rElec    .         Harm     .   (no cloak)
rCorr    .                      (no gloves)
MR       .....                  (no boots)
Stlth    ..........             (no amulet)
HPRegen  0.16/turn              (no ring)
MPRegen  0.10/turn              (no ring)

@: no status effects
A: talons 1, repulsion field 1, spiny 1
a: no special abilities


You were on level 4 of the Dungeon.
You were not hungry.

You visited 1 branch of the dungeon, and saw 4 of its levels.

You collected 167 gold pieces.

Inventory:

Hand Weapons
 a - a +0 long sword (weapon)
Armour
 b - a +0 scale mail (worn)
 c - a +0 kite shield (worn)
 n - a +0 plate armour
Jewellery
 e - an uncursed amulet of regeneration {unknown}
Wands
 p - a wand of digging (4)
 q - a wand of random effects (13)
Scrolls
 h - 3 scrolls of teleportation {unknown}
 j - 6 scrolls of remove curse {unknown}
 k - a scroll of enchant armour {unknown}
 l - 2 scrolls of amnesia {unknown}
 r - 2 scrolls of identify {unknown}
Potions
 d - a potion of might
 g - a potion of mutation {unknown}
 i - 4 potions of flight {unknown}
 m - a potion of heal wounds {unknown}
 o - a potion of degeneration {unknown}
Comestibles
 f - 16 rations


   Skills:
 + Level 4.5 Fighting
 + Level 3.5 Long Blades
 + Level 4.1 Armour
 + Level 4.1 Shields


You had 5 spell levels left.
You didn't know any spells.
Your spell library was empty.

Dungeon Overview and Level Annotations

Branches:
Dungeon (4/15)
 Temple: D:4-7

Altars:
Elyvilon

Annotations:
D:4 Menkaure


Innate Abilities, Weirdness & Mutations

You have sharp toenails.
You are surrounded by a mild repulsion field. (EV +2)
You are partially covered in sharp spines.


Message History

Menkaure calls on the powers of darkness!
Your body is wracked with pain!
* * * LOW HITPOINT WARNING * * *
An orc priest comes into view.
You hear a shout!
Found a hand axe, 2 rations and 2 orange potions.
There are monsters nearby!
You are too injured to fight recklessly!
There are monsters nearby!
There are monsters nearby!
You are too injured to fight recklessly!
Menkaure calls on the powers of darkness!
The orc convulses!
Your body is wracked with pain!
* * * LOW HITPOINT WARNING * * *
Menkaure casts a spell at you. Pain shoots through your body!
* * * LOW HITPOINT WARNING * * *
Menkaure gestures at you while chanting.
Pain shoots through your body!
You die...

##.## ............# #..##
#.................# ##..#
#.)...............<
#.o####.................#
##o.##.................##
#..##................##
##..##..............##
#...###............#
##..##@...........##
#..M..##........##
#..########..##..##
#..#### ##.#####
..####.##### #..# ..
#......####.## #
#.........#..#
#............##
#..........#..#


You could see Menkaure (fast).

Vanquished Creatures
  Sigmund (D:2)
  A howler monkey (D:4)
  Crazy Yiuf (D:2)
  Natasha (thrice) (D:2)
  2 worker ants
  3 adders
  An ooze (D:1)
  2 worms (D:3)
  2 dart slugs (D:1)
  2 leopard geckos
  2 orcs (D:3)
  2 giant cockroaches (D:1)
  3 goblins
  4 hobgoblins
  3 jackals (D:1)
  A quokka (D:2)
  2 ball pythons (D:3)
  7 bats
  2 frilled lizards (D:3)
  5 kobolds
  5 rats
54 creatures vanquished.

Notes
Turn   | Place    | Note
-------+----------+-------------------------------------------
     0 | D:1      | BritishOli the Demonspawn Fighter began the quest for the
                  | Orb.
     0 | D:1      | Reached XP level 1. HP: 18/18 MP: 1/1
   217 | D:1      | Gained mutation: You have sharp toenails. [demonic
                  | ancestry]
   217 | D:1      | Reached XP level 2. HP: 24/24 MP: 2/2
   823 | D:2      | Gained mutation: You are partially covered in sharp spines.
                  | [demonic ancestry]
   823 | D:2      | Reached XP level 3. HP: 28/29 MP: 3/3
  1065 | D:2      | Noticed Sigmund
  1077 | D:2      | Killed Sigmund
  1077 | D:2      | Gained mutation: You are surrounded by a mild repulsion
                  | field. (EV +2) [demonic ancestry]
  1077 | D:2      | Reached XP level 4. HP: 20/37 MP: 4/4
  1077 | D:2      | Reached XP level 5. HP: 23/42 MP: 5/5
  1251 | D:2      | Found a runed translucent door.
  1252 | D:2      | Noticed Crazy Yiuf
  1670 | D:2      | Noticed Natasha
  1679 | D:2      | Killed Natasha
  1958 | D:2      | Killed Crazy Yiuf
  1958 | D:2      | Reached XP level 6. HP: 48/48 MP: 6/6
  1999 | D:2      | Noticed Natasha
  2004 | D:2      | Killed Natasha
  2150 | D:2      | Noticed Natasha
  2154 | D:2      | Killed Natasha
  2183 | D:3      | Found a white marble altar of Elyvilon.
  3012 | D:4      | Noticed Menkaure
  3037 | D:4      | Killed from afar by Menkaure

Illustrated notes

Levels and vault maps discovered:
D:1:      onia_arrival_mini_maze_b, layout_rooms
D:2:      layout_basic, first_ration, uniq_natasha, uniq_crazy_yiuf_cottage,
          uniq_sigmund
D:3:      layout_loops_ring, elyvilon_altar_4
D:4:      layout_cave_pods, eat_drink_and_be_merry_uskayaw, uniq_menkaure

Skill      XL: |  1  2  3  4  5  6 |
---------------+-------------------+-----
Long Blades    | 2 3 |  3.5
Armour         | 3 4 |  4.1
Shields        | 3 4 |  4.1
Fighting       | 4 |  4.5

Action                   |  1- 3 |  4- 6 || total
-------------------------+-------+-------++-------
Melee: Long sword        |    72 |    74 ||   146
       Kick              |    15 |    21 ||    36
  Eat: Ration            |       |     2 ||     2
Armor: Scale mail        |    59 |    13 ||    72
Dodge: Dodged            |    29 |    25 ||    54
Block: Kite shield       |    53 |    26 ||    79
       Rpst.: Long sword |     7 |     4 ||    11

Table legend:
 A = Non-vault XP
 B = Vault XP
 C = Vault XP percentage of total XP
 D = Non-vault monster count
 E = Vault monster count
 F = Vault count percentage of total count
                 A         B        C        D         E       F
            +---------+---------+-------+---------+---------+-------
      Total |     315 |     299 |  48.7 |      51 |       3 |   5.6
            +---------+---------+-------+---------+---------+-------
        D:1 |      37 |       0 |   0.0 |      18 |       0 |   0.0
        D:2 |     116 |     299 |  72.0 |      11 |       3 |  21.4
        D:3 |      62 |       0 |   0.0 |      19 |       0 |   0.0
        D:4 |     100 |       0 |   0.0 |       3 |       0 |   0.0
            +---------+---------+-------+---------+---------+-------
